 Dungeon Crawl Stone Soup version 0.21-a0-529-g8c7b3f5 (webtiles) character file.

3588 Amnesiac the Thrower (level 10, -1/113 HPs)
             Began as an Ogre Arcane Marksman on Dec 11, 2017.
             Was an Elder of Okawaru.
             Slain by a killer bee (9 damage)
             ... on level 7 of the Dungeon.
             The game lasted 00:24:51 (10006 turns).

Amnesiac the Thrower (Ogre Arcane Marksman)        Turns: 10006, Time: 00:24:52

Health: -1/113     AC:  6    Str: 17    XL:     10   Next: 10%
Magic:  11/14      EV: 10    Int: 15    God:    Okawaru [****..]
Gold:   535        SH:  0    Dex: 12    Spells: 12/15 levels left

rFire    . . .     SeeInvis .   h - +0 dagger (curse)
rCold    . . .     Gourm    .   (no shield)
rNeg     . . .     Faith    .   a - +0 robe
rPois    .         Spirit   .   (helmet restricted)
rElec    .         Reflect  .   (no cloak)
rCorr    .         Harm     .   (gloves unavailable)
MR       ++...                  (boots unavailable)
Stlth    +.........             (no amulet)
HPRegen  0.68/turn              B - ring of flight
MPRegen  0.14/turn              (no ring)

@: lethally poisoned (-1 -> -6)
A: large, unfitting armour, antennae 1, rugged brown scales 1, slimy green
scales 1, agile 1, magic resistance 1, regeneration 1, tough skin 1, evolution
2, subdued magic 1
a: Heroism, Renounce Religion, Evoke Flight


You were on level 7 of the Dungeon.
You worshipped Okawaru.
Okawaru was greatly pleased with you.
You were not hungry.

You visited 1 branch of the dungeon, and saw 7 of its levels.
You also visited: Sewer.

You collected 733 gold pieces.
You spent 198 gold pieces at shops.

Inventory:

Hand Weapons
 h - a cursed +0 dagger (weapon)
 u - a cursed -2 giant club
 A - a +2 dagger of venom
 D - a +1 trident of piercing
 L - a +4 scimitar of flaming
 N - a +2 halberd of flaming
 O - a +0 giant spiked club
Missiles
 c - a large rock (quivered)
 d - 2 throwing nets
 e - 39 stones
 l - 7 needles of confusion
 x - 28 poisoned needles
 E - 7 needles of paralysis
 I - 3 tomahawks
Armour
 a - a +0 robe (worn)
 F - a +0 cloak
Magical Staves
 y - an uncursed staff of fire {unknown}
Jewellery
 B - a ring of flight (left hand)
Scrolls
 i - 9 scrolls of identify {!r}
 k - 3 scrolls of fear {!r}
 n - 9 scrolls of teleportation {!r}
 o - 4 scrolls of fog {!r, unknown}
 q - 4 scrolls of remove curse {!r}
 r - 2 scrolls of amnesia {!r, unknown}
 s - 4 scrolls of magic mapping {!r, unknown}
 t - a scroll of noise {!r, unknown}
 K - a scroll of vulnerability {!r, unknown}
Potions
 g - 2 potions of curing {!q}
 j - 5 potions of haste {!q}
 m - 2 potions of resistance {!q}
 v - a potion of magic {!q, unknown}
 w - a potion of might {!q, unknown}
 z - a potion of brilliance {!q}
 C - 2 potions of flight {!q, unknown}
 G - 2 potions of agility {!q, unknown}
Books
 b - a book of Debilitation

   Spells                             Type                      Level
   a - Corona                         Hexes                        1
   b - Slow                           Hexes                        2
   c - Inner Flame                    Hexes/Fire                   3
   d - Portal Projectile              Hexes/Translocation          3
   e - Cause Fear                     Hexes                        4
   f - Leda's Liquefaction            Hexes/Earth                  4
 J - a book of Changes

   Spells                             Type                      Level
   a - Beastly Appendage              Transmutation                1
   b - Sticks to Snakes               Transmutation                2
   c - Spider Form                    Transmutation/Poison         3
   d - Ice Form                       Ice/Transmutation            4
   e - Blade Hands                    Transmutation                5
Comestibles
 f - 6 bread rations
 p - 3 meat rations
 M - 8 chunks of flesh


   Skills:
 + Level 10.1 Fighting
 * Level 11.1 Throwing
 - Level 1.7 Dodging
 - Level 3.0 Spellcasting
 - Level 4.1 Hexes


You had 12 spell levels left.
You knew the following spells:

 Your Spells              Type           Power        Failure   Level  Hunger
a - Corona                Hex            ##.....      2%          1    #......
e - Slow                  Hex            ##......     4%          2    ##.....


Dungeon Overview and Level Annotations

Branches:
Dungeon (7/15)             Temple (0/1) D:4

Altars:
Ashenzari
Elyvilon
Gozag
Okawaru
Qazlal
Sif Muna
Trog
Uskayaw
Zin

Shops:
D:4 *   D:5 *(=}


Innate Abilities, Weirdness & Mutations

You are too large for most types of armour.
You have tough skin. (AC +1)
You have a pair of small antennae on your head.
You are partially covered in rugged brown scales. (AC +1, +3% HP)
You are partially covered in slimy green scales. (AC +2)
You are agile. (Dex +2)
You are resistant to hostile enchantments. (MR+)
Your natural rate of healing is unusually fast.
You rapidly evolve.
Your spells are a little easier to cast, but a little less powerful.


Message History

Aim: a killer bee (heavily wounded, chance to defeat MR: 55%)
The killer bee is outlined in light.
You feel very sick. The killer bee barely misses you.
The killer bee stings you but does no damage.
Throwing (i - inventory. (,) - cycle):
e - 40 stones (quivered)
Press: ? - help, Shift-Dir - straight line, f/p - killer bee
Aim: a killer bee (heavily wounded, softly glowing)
You throw a stone.
The stone closely misses the killer bee.
You feel sick. The killer bee closely misses you.
Quiver which item? (- for none, * to show all) (? for menu, Esc to quit)
Quivering
H - 3 javelins for throwing.
Throwing (i - inventory. (,) - cycle):
H - 3 javelins (quivered)
Press: ? - help, Shift-Dir - straight line, f/p - killer bee
Aim: a killer bee (heavily wounded, softly glowing)
You throw a javelin.
The javelin closely misses the killer bee.
You feel very sick. The killer bee closely misses you.
The killer bee barely misses you.
Throwing (i - inventory. (,) - cycle):
H - 2 javelins (quivered)
Press: ? - help, Shift-Dir - straight line, f/p - killer bee
Aim: a killer bee (heavily wounded, softly glowing)
You throw a javelin.
The javelin closely misses the killer bee.
You feel sick. The killer bee barely misses you. The killer bee misses you.
Throwing (i - inventory. (,) - cycle):
H - a javelin (quivered)
Press: ? - help, Shift-Dir - straight line, f/p - killer bee
Aim: a killer bee (heavily wounded, softly glowing)
You throw a javelin.
The javelin barely misses the killer bee.
You feel sick. The killer bee stings you.
* * * LOW HITPOINT WARNING * * *
The killer bee completely misses you.
Throwing (i - inventory. (,) - cycle):
c - 4 large rocks (quivered)
Press: ? - help, Shift-Dir - straight line, f/p - killer bee
Aim: a killer bee (heavily wounded, softly glowing)
You throw a large rock.
The large rock barely misses the killer bee.
You feel very sick. The killer bee barely misses you.
The killer bee closely misses you. x2
A killer bee comes into view.
Throwing (i - inventory. (,) - cycle):
c - 3 large rocks (quivered)
Press: ? - help, Shift-Dir - straight line, f - killer bee, p - killer bee
Aim: a killer bee (hasn't noticed you)
You throw a large rock. The killer bee buzzes angrily.
The large rock hits the killer bee!
You kill the killer bee!
Okawaru accepts your kill.
You feel very sick.
Casting: Corona
Confirm with . or Enter, or press ? or * to list all spells.
Aiming: Corona
Press: ? - help, Shift-Dir - straight line, f/p - killer bee
Aim: a killer bee (chance to defeat MR: 55%)
The killer bee is outlined in light.
You feel sick.
Throwing (i - inventory. (,) - cycle):
c - 2 large rocks (quivered)
Press: ? - help, Shift-Dir - straight line, f/p - killer bee
Aim: a killer bee (softly glowing)
You throw a large rock.
The large rock closely misses the killer bee.
You feel sick. The killer bee stings you!
You die...

# #####.....##### #
#.....#...# #
#.....+..)#
#.....#...##
###........#
#......).######
#........#[.>.####
#...###.##........
+...+...@y(..(#
#...######....#####
#...# #...(((...
#...# ##........
##### ####.....
####


You could see a killer bee.

Vanquished Creatures
  An efreet (D:6)
  Prince Ribbit (D:5)
  Sigmund (D:5)
  An ice beast (D:6)
  2 sky beasts
  2 phantoms (D:4)
  4 centaurs (D:6)
  4 ogres
  A centaur (shapeshifter) (D:6)
  Blork the orc (D:6)
  3 bullfrogs (D:6)
  2 scorpions
  A water moccasin skeleton (D:6)
  3 killer bees (D:7)
  5 wights (D:6)
  A howler monkey (D:4)
  3 crimson imps
  A quasit (D:7)
  3 hounds
  A jelly (D:6)
  A centaur skeleton (D:7)
  3 iguanas
  5 orc wizards
  4 worker ants
  2 hound zombies
  2 hound skeletons (D:4)
  6 gnolls
  A howler monkey skeleton (D:3)
  5 river rats
  15 adders
  A shadow imp (D:5)
  2 adder skeletons
  5 worms
  4 leopard geckos
  12 orcs
  A ball python (D:6)
  12 bats
  6 giant cockroaches
  8 goblins
  4 hobgoblins (D:2)
  4 jackals (D:2)
  9 kobolds
  5 quokkas
  12 frilled lizards
  A leopard gecko skeleton (D:4)
  A leopard gecko zombie (D:6)
  14 rats
186 creatures vanquished.

Notes
Turn   | Place    | Note
-------+----------+-------------------------------------------
     0 | D:1      | Amnesiac the Ogre Arcane Marksman began the quest for the Orb.
     0 | D:1      | Reached XP level 1. HP: 19/19 MP: 2/2
   260 | D:1      | Reached XP level 2. HP: 14/28 MP: 1/4
  1207 | D:1      | Learned a level 2 spell: Slow
  1219 | D:2      | Reached XP level 3. HP: 35/35 MP: 2/5
  1502 | D:2      | Reached skill level 3 in Throwing
  1549 | D:2      | Reached XP level 4. HP: 38/44 MP: 4/6
  2463 | D:2      | Found a deep blue altar of Sif Muna.
  2547 | D:2      | Reached skill level 4 in Throwing
  2547 | D:2      | Reached XP level 5. HP: 38/53 MP: 5/7
  3166 | D:3      | Found an iron altar of Okawaru.
  3175 | D:3      | Became a worshipper of Warmaster Okawaru
  3290 | D:3      | Found a hide-covered altar of Uskayaw.
  3327 | D:3      | Found a shattered altar of Ashenzari.
  3482 | D:3      | Found a glowing silver altar of Zin.
  3845 | D:4      | Noticed an ogre
  3859 | D:4      | Killed an ogre
  3859 | D:4      | Reached XP level 6. HP: 14/62 MP: 9/9
  3901 | D:4      | Reached skill level 5 in Throwing
  3925 | D:4      | Found a glowing drain.
  3939 | Sewer    | Entered a sewer
  5042 | D:4      | Reached * piety under Okawaru
  5077 | D:4      | Reached XP level 7. HP: 48/71 MP: 8/11
  5274 | D:4      | Reached skill level 5 in Fighting
  5301 | D:4      | Found a staircase to the Ecumenical Temple.
  5863 | D:4      | Found Usatah's General Store.
  5866 | D:4      | Bought a scroll of teleportation for 33 gold pieces
  5866 | D:4      | Bought a scroll of remove curse for 33 gold pieces
  5866 | D:4      | Bought a potion of heal wounds for 55 gold pieces
  5866 | D:4      | Bought a scroll of fear for 38 gold pieces
  5866 | D:4      | Bought 20 stones for 22 gold pieces
  5891 | D:4      | Reached skill level 6 in Throwing
  6177 | D:5      | Entered Level 5 of the Dungeon
  6180 | D:5      | Found Xoitieph's Jewellery Emporium.
  6731 | D:5      | Reached ** piety under Okawaru
  6731 | D:5      | Reached XP level 8. HP: 45/83 MP: 8/12
  6761 | D:5      | Found Gedeunu's Assorted Antiques.
  6761 | D:5      | Noticed Sigmund
  6763 | D:5      | Killed Sigmund
  6763 | D:5      | Reached skill level 7 in Throwing
  6852 | D:5      | Bought a puce potion for 17 gold pieces
  6861 | D:5      | Found Gonemoxt's Weapon Emporium.
  7062 | D:5      | Found a bloodstained altar of Trog.
  7074 | D:5      | Found a stormy altar of Qazlal.
  7113 | D:5      | Found Tinidyka's Gadget Boutique.
  7128 | D:5      | Noticed Prince Ribbit
  7243 | D:5      | HP: 4/84 [Prince Ribbit (14)]
  7248 | D:5      | Killed Prince Ribbit
  7248 | D:5      | Reached skill level 8 in Throwing
  7816 | D:6      | Reached XP level 9. HP: 63/94 MP: 13/13
  8202 | D:6      | Reached skill level 9 in Throwing
  8249 | D:6      | Found a white marble altar of Elyvilon.
  8304 | D:6      | Noticed Blork the orc
  8314 | D:6      | Killed Blork the orc
  8371 | D:6      | Reached *** piety under Okawaru
  8862 | D:6      | Gained mutation: You have a pair of small antennae on your head. [mutagenic meat]
  8863 | D:6      | Gained mutation: You evolve. [mutagenic meat]
  8864 | D:6      | Gained mutation: You are partially covered in rugged brown scales. (AC +1, +3% HP) [mutagenic meat]
  8865 | D:6      | Gained mutation: You rapidly evolve. [mutagenic meat]
  9012 | D:6      | Noticed a komodo dragon
  9043 | D:6      | Reached skill level 10 in Throwing
  9436 | D:6      | Noticed an efreet
  9447 | D:6      | Killed an efreet
  9520 | D:6      | Gained mutation: Your natural rate of healing is unusually fast. [mutagenic meat]
  9521 | D:6      | Gained mutation: Your spells are a little easier to cast, but a little less powerful. [mutagenic meat]
  9522 | D:6      | Gained mutation: You are resistant to hostile enchantments. (MR+) [mutagenic meat]
  9523 | D:6      | Gained mutation: You are partially covered in slimy green scales. (AC +2) [mutagenic meat]
  9615 | D:6      | Gained mutation: You are agile. (Dex +2) [evolution]
  9827 | D:7      | Reached XP level 10. HP: 91/113 MP: 14/14
  9878 | D:7      | Found an opulent altar of Gozag.
  9943 | D:7      | Reached skill level 10 in Fighting
  9972 | D:7      | Reached skill level 11 in Throwing
  9992 | D:7      | Reached **** piety under Okawaru
 10006 | D:7      | Slain by a killer bee

Vault maps used:
D:1:      elethiomel_arrival_quiet
D:2:      lemuel_blue_sif_altar
D:3:      lemuel_crystal_altar, zin_academy, lemuel_crystal_altar,
          eat_drink_and_be_merry_uskayaw
D:4:      minmay_temple_entry_enclosed_plants, serial_shops,
          kennysheep_mini_moat, lightli_sewer_entry_pipes
D:5:      grunt_temple_overflow_open, first_bread, serial_shops,
          kennysheep_mini, nicolae_shop_waterfront, shop, shop,
          uniq_prince_ribbit1, uniq_sigmund
D:6:      minmay_klotski, lemuel_round_altar, kennysheep_generic_room_14,
          uniq_blork_the_orc
D:7:      old_standard_altar, lemuel_round_altar, uniq_menkaure
Sewer:    sewer_co_cracked_pipes

Skill      XL: |  1  2  3  4  5  6  7  8  9 10 |
---------------+-------------------------------+-----
Fighting       | 2 3 4 6 7 9 10 | 10.1
Throwing       | 3 4 5 6 8 10 11 | 11.1
Hexes          | 3 4 |  4.1
Spellcasting   | 2 3 |  3.0
Dodging        | |  1.7

Action                   |  1- 3 |  4- 6 |  7- 9 | 10-12 || total
-------------------------+-------+-------+-------+-------++-------
Melee: Unarmed           |    56 |       |       |       ||    56
       Dagger            |   105 |   183 |     5 |       ||   293
Throw: Stone             |    38 |   192 |   272 |    59 ||   561
       Large rock        |     4 |    38 |    82 |     3 ||   127
       Javelin           |       |       |     4 |     3 ||     7
 Cast: Corona            |    54 |   110 |    57 |     9 ||   230
  Use: Scroll            |       |     4 |     2 |       ||     6
       Potion            |       |       |     1 |       ||     1
  Eat: Chunk             |     4 |    14 |    15 |       ||    33
       Fruit             |       |       |     2 |       ||     2
       Royal jelly       |       |       |     3 |       ||     3
Armor: Robe              |    69 |    79 |    30 |    20 ||   198
Dodge: Dodged            |   120 |   170 |    96 |    36 ||   422

Table legend:
 A = Spawn XP
 B = Non-spawn XP
 C = Spawn XP percentage of total XP
 D = Spawn monster count
 E = Non-spawn monster count
 F = Spawn count percentage of total count
 G = Total turns spent on level
                    A         B        C        D         E        F      G
               +---------+---------+-------+---------+---------+-------+---------
         Total |       0 |    5126 |   0.0 |       0 |     186 |   0.0 | 10006
               +---------+---------+-------+---------+---------+-------+---------
           D:1 |       0 |      33 |   0.0 |       0 |      22 |   0.0 |  1208
           D:2 |       0 |     143 |   0.0 |       0 |      31 |   0.0 |  1555
           D:3 |       0 |      65 |   0.0 |       0 |      16 |   0.0 |   957
           D:4 |       0 |     676 |   0.0 |       0 |      29 |   0.0 |  1833
           D:5 |       0 |    1113 |   0.0 |       0 |      16 |   0.0 |  1182
           D:6 |       0 |    2505 |   0.0 |       0 |      41 |   0.0 |  2075
           D:7 |       0 |     522 |   0.0 |       0 |      12 |   0.0 |   311
         Sewer |       0 |      69 |   0.0 |       0 |      19 |   0.0 |   885
               +---------+---------+-------+---------+---------+-------+---------
